 Seeded DCSS version 0.30.1-4-g462c640d31 (webtiles) character file.

Game seed: 13072137714890895578 (custom seed)

338 CarvArkoylaein the Chopper (level 6, -17/53 HPs)
             Began as a Hill Orc Fighter on Sept 1, 2023.
             Was an Initiate of Gozag.
             Killed from afar by an oklob plant (29 damage)
             ... with a splash of acid
             ... created by the enmity of Fedhas Madash
             ... on level 4 of the Dungeon.
             The game lasted 00:25:12 (2282 turns).

CarvArkoylaein the Chopper (Hill Orc Fighter)       Turns: 2282, Time: 00:25:12

Health: -17/53     AC:  7    Str: 19    XL:     6   Next: 55%
Magic:  6/6        EV:  9    Int:  8    God:    Gozag
Gold:   500        SH:  0    Dex: 12    Spells: 5/5 levels left

rFire   . . .        s - +8 frozen axe "Frostbite" {freeze, freezing cloud, *Noise Fly rC+}
rCold   + . .        (shield currently unavailable)
rNeg    . . .        b - +0 scale mail
rPois   .            (no helmet)
rElec   .            (no cloak)
rCorr   .            (no gloves)
SInv    .            (no boots)
Will    .....        (no amulet) Stlth
                     j - ring of flight
HPRegen 0.28/turn    (no ring)
MPRegen 0.10/turn

%: no passive effects
@: mighty, flying
A: no striking features
a: Renounce Religion, Potion Petition, Call Merchant, Bribe Branch


You were on level 4 of the Dungeon.
You worshipped Gozag.
Gozag was pleased with you.
You visited 1 branch of the dungeon, and saw 4 of its levels.

You collected 595 gold pieces.
You paid 95 gold pieces to Gozag.

Inventory:

Hand Weapons
 a - a +0 war axe
 i - a +2 antimagic mace
 s - the +8 frozen axe "Frostbite" (weapon) {freeze, freezing cloud, *Noise Fly rC+}
   (You found it on level 3 of the Dungeon)

   rC:        It protects you from cold.
   Fly:       It grants you flight.
   *Noise:    It may make noises in combat.
 v - a +2 falchion of electrocution
Missiles
 t - 4 atropa-tipped darts
Armour
 b - a +0 scale mail (worn)
Jewellery
 j - a ring of flight (left hand)
Wands
 q - a wand of iceblast (2)
Scrolls
 c - a scroll of noise {unknown}
 g - a scroll of enchant weapon {unknown}
 h - a scroll of magic mapping {unknown}
 l - 2 scrolls of teleportation {unknown}
 m - 2 scrolls of fog {unknown}
 u - 4 scrolls of identify {unknown}
Potions
 e - a potion of brilliance {unknown}
 f - 4 potions of curing {unknown}
 k - 2 potions of heal wounds {unknown}
 n - 2 potions of flight {unknown}
 o - a potion of degeneration {unknown}
 p - a potion of invisibility {unknown}
 r - 2 potions of mutation {unknown}
 w - a potion of haste {unknown}


   Skills:
 + Level 4.6 Fighting
 + Level 7.1 Axes
 + Level 4.1 Armour
 + Level 0.5 Dodging
 + Level 0.2 Stealth
 + Level 3.6 Shields
 + Level 1.1 Invocations


You had 5 spell levels left.
You didn't know any spells.
Your spell library contained the following spells:

 Spells                   Type           Power      Damage    Failure   Level
 Freeze                   Ice            0%         1d3       77%         1
 Static Discharge         Conj/Air       0%         2-2/arc   88%         2
 Frozen Ramparts          Ice            0%         1d1       98%         3
 Hailstorm                Conj/Ice       0%         3d3       98%         3
 Airstrike                Air            0%         2d(0-16)  100%        4
 Summon Lightning Spire   Summ/Air       0%         N/A       100%        4


Dungeon Overview and Level Annotations

Branches:
Dungeon (4/15)
 Temple: D:4-7

Altars:
Fedhas
Gozag

Shops:
D:3 =*

Annotations:
D:4 exclusion: 2 oklob plants


Message History

u - 3 scrolls labelled PUCOTHEROV (gained 1)
Found 8 gold pieces.
You now have 489 gold pieces (gained 8).
A scorpion comes into view.
You barely miss the scorpion.
The scorpion stings you but does no damage.
The scorpion barely misses you.
You slice the scorpion!! You freeze the scorpion.
You kill the scorpion!
Your Axes skill increases to level 7!
Found a scroll labelled PUCOTHEROV.
You now have 496 gold pieces (gained 7).
u - 4 scrolls labelled PUCOTHEROV (gained 1)
An adder comes into view.
The adder hisses angrily.
You slash the adder!
The adder seems to slow down.
You freeze the adder.
You kill the adder!
You now have 500 gold pieces (gained 4).
Plants grow around you in an ominous manner.
Marking area around 2 oklob plants as unsafe for travelling. 2 oklob plants come into view.
You slice the wandering mushroom!! You freeze the wandering mushroom!
The wandering mushroom is severely damaged.
You slash the wandering mushroom! You freeze the wandering mushroom.
You destroy the wandering mushroom!
That felt strangely unrewarding.
The oklob plant spits acid at you. The splash of acid hits you!
The oklob plant spits acid at you. The splash of acid hits you!
You feel very mighty all of a sudden.
You feel mightier all of a sudden. The oklob plant spits acid at you.
The splash of acid hits you!
* * * LOW HITPOINT WARNING * * *
The oklob plant spits acid at you. The splash of acid hits you!!
Ouch! That really hurt!
You die...
Your body crumbles into a pile of gold.

#.##.### #..#..#
#####.# #......##
######...######...#^#
####.#.#.
.....................
#.#.#.
#######.#######...###
##.#.#.## #.# #####
#####.......# #.#
...##.#####.# ##.##
##.#..# #.######..f#
#....# #.....@..P.#
###..# #.######..P#
#..#####.# ##### #
#........# #
#....####.# ###..###
#.# ..#.... ...
.....# #..# ....#
...#


You could see 2 oklob plants and a wandering mushroom.

Vanquished Creatures
  A wandering mushroom (D:4)
  2 scorpions (D:4)
  An orc priest (D:4)
  An orc wizard (D:4)
  4 adders
  A worm (D:4)
  3 dart slugs
  15 orcs
  9 endoplasms
  5 giant cockroaches
  6 goblins
  6 hobgoblins
  7 jackals
  4 quokkas
  7 ball pythons
  5 bats
  4 frilled lizards
  11 kobolds
  5 rats
97 creatures vanquished.

Vanquished Creatures (collateral kills)
  An adder (D:3)
1 creature vanquished.

Grand Total: 98 creatures vanquished

Notes
Turn   | Place    | Note
-------+----------+-------------------------------------------
     0 | D:1      | CarvArkoylaein the Hill Orc Fighter began the quest for the
                  | Orb.
     0 | D:1      | Reached XP level 1. HP: 19/19 MP: 1/1
   105 | D:1      | Found a faded altar of an unknown god.
   113 | D:1      | Prayed at the altar of an unknown god.
   113 | D:1      | Became a worshipper of Fedhas Madash
   113 | D:1      | Reached * piety under Fedhas
   207 | D:1      | Reached skill level 3 in Axes
   207 | D:1      | Reached XP level 2. HP: 27/27 MP: 2/2
   315 | D:1      | Reached XP level 3. HP: 33/33 MP: 3/3
   509 | D:2      | Reached ** piety under Fedhas
   606 | D:2      | Reached skill level 4 in Axes
   755 | D:2      | Reached XP level 4. HP: 40/40 MP: 4/4
  1350 | D:3      | Found Heh Veopt's Jewellery Shop.
  1422 | D:3      | Found the +8 frozen axe "Frostbite" {freeze, freezing
                  | cloud, *Noise Fly rC+}
  1522 | D:3      | Reached skill level 5 in Axes
  1573 | D:3      | Found Gozag's Platinum Reserve.
  1574 | D:3      | Found an opulent altar of Gozag.
  1583 | D:3      | Fell from the grace of Fedhas
  1583 | D:3      | Became a worshipper of Gozag Ym Sagoz the Greedy
  1875 | D:4      | Reached skill level 1 in Invocations
  1875 | D:4      | Reached XP level 5. HP: 44/46 MP: 5/5
  2076 | D:4      | Reached skill level 6 in Axes
  2194 | D:4      | Reached XP level 6. HP: 51/53 MP: 6/6
  2227 | D:4      | Reached skill level 7 in Axes
  2276 | D:4      | Noticed a wandering mushroom
  2276 | D:4      | Noticed a wandering mushroom
  2276 | D:4      | Noticed an oklob plant
  2276 | D:4      | Noticed an oklob plant
  2277 | D:4      | Killed a wandering mushroom
  2282 | D:4      | Killed from afar by an oklob plant

Illustrated notes

Levels and vault maps discovered:
D:1:      saegor_arrival_simple_e, layout_rooms,
          dilly_ecumenical_altar_fadedgnrine
D:2:      layout_basic, serial_park_tiny_1, chequers_big_river, minmay_tall_x
D:3:      layout_basic, nicolae_gozag_zags_fifth_avenue, serial_shops, shop
D:4:      cheibrodos_old_hovel, layout_loops_ring, mainiacjoe_overflow_brackets

Skill      XL: |  1  2  3  4  5  6 |
---------------+-------------------+-----
Axes           | 3 4 5 6 7 |  7.1
Fighting       | 4 |  4.6
Invocations    | 1 |  1.1
Armour         | 4 |  4.1
Dodging        | |  0.5
Stealth        | |  0.2
Shields        | |  3.6

Action                     |  1- 3 |  4- 6 || total
---------------------------+-------+-------++-------
  Melee: War axe           |    95 |    22 ||   117
         Executioner's axe |       |    65 ||    65
 Invoke: Wall of Briars    |       |     1 ||     1
    Use: Potion            |       |     2 ||     2
   Stab: Distracted        |       |     1 ||     1
 Armour: Scale mail        |    55 |    50 ||   105
  Dodge: Dodged            |    57 |    28 ||    85
  Block: Buckler           |    22 |     7 ||    29
